 Dungeon Crawl Stone Soup version 0.18.1-8-gdd0e5ea (webtiles) character file.

78 shmeve the Skirmisher (level 4, 0/29 HPs)
             Began as a Kobold Berserker on May 21, 2016.
             Was a Believer of Trog.
             Slain by Robin
             ... wielding a +0 spear
              (5 damage)
             ... on level 2 of the Dungeon.
             The game lasted 00:02:51 (847 turns).

shmeve the Skirmisher (Kobold Berserker)             Turns: 847, Time: 00:02:52

Health: 0/29       AC:  6    Str: 16    XL:     4   Next: 61%
Magic:  4/4        EV: 14    Int:  5    God:    Trog [**....]
Gold:   48         SH:  0    Dex: 15    Spells: 0 memorised, 3 levels left

rFire  . . .     SeeInvis .     a - +0 hand axe
rCold  . . .     Gourm    .     g - +0 ring mail (curse)
rNeg   . . .     Faith    .     (shield restricted)
rPois  .         Spirit   .     (no helmet)
rElec  .         Dismiss  .     o - +0 cloak
rCorr  .         Reflect  .     (no gloves)
SustAt .         Harm     .     (no boots)
MR     ++...                    (no amulet)
Stlth  +.........               (no ring)
                                (no ring)

@: exhausted, regenerating, slowed, drained, very slow, very resistant to
hostile enchantments, very unstealthy
A: carnivore 3
a: Berserk, Trog's Hand, Burn Spellbooks, Renounce Religion


You were on level 2 of the Dungeon.
You worshipped Trog.
Trog was pleased with you.
You were very full.

You visited 1 branch of the dungeon, and saw 2 of its levels.

You collected 48 gold pieces.

Inventory:

Hand Weapons
 a - a +0 hand axe (weapon)
Armour
 g - a cursed +0 ring mail (worn)
 o - a +0 cloak (worn)
Scrolls
 b - a scroll of teleportation {unknown}
 h - a scroll of fog {unknown}
 j - a scroll of random uselessness {unknown}
 k - 2 scrolls of blinking {unknown}
 l - a scroll of noise {unknown}
 n - a scroll of enchant armour {unknown}
Potions
 d - 3 potions of agility {unknown}
 e - a potion of haste {unknown}
 f - a potion of might {unknown}
 i - a potion of curing {unknown}
 m - a potion of brilliance {unknown}
 p - a potion of resistance {unknown}
Comestibles
 c - a meat ration


   Skills:
 * Level 4.1(3.4) Fighting
 * Level 3.3(2.6) Axes
 + Level 1.0(0.4) Throwing
 - Level 1.5(0.9) Armour
 * Level 3.3(2.6) Dodging
 + Level 1.3(0.6) Stealth


You had 3 spell levels left.
You didn't know any spells.

Dungeon Overview and Level Annotations

Branches:
Dungeon (2/15)

Altars:

Annotations:
D:2 Robin


Innate Abilities, Weirdness & Mutations

You are small and have problems with some larger weapons.
You are carnivorous and can eat meat at any time.


Message History

You hit Robin but do no damage.
Robin is heavily wounded.
The bat barely misses you. Robin misses you. Robin closely misses you.
Unknown command.
Your skin crawls.
You feel resistant to hostile enchantments.
You feel slightly less full. The bat closely misses you. x2
Robin hits you with a spear.
* * * LOW HITPOINT WARNING * * *
You hit Robin.
Robin is almost dead.
The bat barely misses you. Robin misses you. Robin hits you with a spear.
* * * LOW HITPOINT WARNING * * *
You hit Robin.
Robin is almost dead.
You hit the bat.
You kill the bat!
Trog accepts your kill. Robin hits you with a spear.
You die...

#........ ##........
#........# .
##........#
..####>........#
...............#
.>.......g..!..#
....(.))@......#
.........###().......
...... #)#.######
....#.# ##.#...
#...#.###..###.#
##...#.....## ...
####......#...######..
.....#..####..........
.......<......########


You could see Robin.

Vanquished Creatures
  An ooze (D:2)
  A worm (D:2)
  3 dart slugs
  A giant gecko (D:2)
  10 bats
  2 giant cockroaches (D:1)
  14 goblins
  8 hobgoblins
  4 jackals (D:2)
  5 kobolds
  A quokka (D:2)
  A ball python (D:1)
  2 giant newts (D:2)
  5 rats
58 creatures vanquished.

Notes
Turn   | Place    | Note
--------------------------------------------------------------
     0 | D:1      | shmeve the Kobold Berserker began the quest for the Orb.
     0 | D:1      | Reached XP level 1. HP: 14/14 MP: 1/1
   154 | D:1      | Reached XP level 2. HP: 12/19 MP: 2/2
   433 | D:1      | Reached XP level 3. HP: 24/24 MP: 3/3
   700 | D:2      | Reached ** piety under Trog
   705 | D:2      | Reached skill level 1 in Stealth
   761 | D:2      | Reached XP level 4. HP: 25/29 MP: 4/4
   763 | D:2      | Reached skill level 4 in Fighting
   823 | D:2      | Noticed Robin
   836 | D:2      | Reached *** piety under Trog
   836 | D:2      | Reached skill level 1 in Throwing
   847 | D:2      | Slain by Robin

Skill      XL: |  1  2  3  4 |
---------------+-------------+-----
Axes           | 3 |  3.3
Dodging        | 3 |  3.3
Stealth        | 1 |  1.3
Fighting       | 4 |  4.1
Throwing       | 1 |  1.0
Armour         | |  1.5

Action                   |  1- 3 |  4- 6 || total
-------------------------+-------+-------++-------
Melee: Hand axe          |    93 |    34 ||   127
Invok: Berserk           |     1 |     1 ||     2
       Trog's Hand       |       |     1 ||     1
  Eat: Chunk             |     9 |       ||     9
Armor: Animal skin       |     7 |       ||     7
       Ring mail         |    32 |    22 ||    54
Dodge: Dodged            |   113 |    65 ||   178
